 Dungeon Crawl Stone Soup version 0.21.1 (webtiles) character file.

135107 jernau the Impaler (level 17, -2/143 HPs)
             Began as a Formicid Fighter on Jan 28, 2018.
             Was a High Priest of Okawaru.
             Slain by an alligator snapping turtle (34 damage)
             ... on level 3 of the Shoals on Feb 2, 2018.
             The game lasted 03:21:37 (34484 turns).

jernau the Impaler (Formicid Fighter)              Turns: 34484, Time: 03:21:37

Health: -2/143     AC: 27    Str: 33    XL:     17   Next: 77%
Magic:  15/22      EV: 12    Int:  8    God:    Okawaru [*****.]
Gold:   1209       SH: 22    Dex: 12    Spells: 16/16 levels left

rFire    + + +     SeeInvis +   a - +2 demon trident (freeze)
rCold    + . .     Gourm    .   c - +1 shield
rNeg     . . .     Faith    .   o - +0 storm dragon scales
rPois    .         Spirit   .   (helmet unavailable)
rElec    +         Reflect  +   R - scarf {rC+ rF+}
rCorr    .         Harm     .   r - +0 pair of gloves "Har Emud" {Str+4}
MR       +....                  Z - +0 pair of boots "Zetar" {Str+3}
Stlth    ..........             x - +4 amulet of reflection
HPRegen  0.33/turn              u - +2 ring of protection
MPRegen  0.18/turn              A - +4 ring of protection

@: heroism, finesse
A: permanent stasis, dig shafts and tunnels, four strong arms, antennae 3, fire
resistance 2
a: Dig, Shaft Self, Heroism, Finesse, Renounce Religion


You were on level 3 of the Shoals.
You worshipped Okawaru.
Okawaru was extremely pleased with you.
You were not hungry.

You visited 4 branches of the dungeon, and saw 26 of its levels.
You also visited: Bailey and Volcano.

You collected 2649 gold pieces.
You spent 1440 gold pieces at shops.

Inventory:

Hand Weapons
 a - a +2 demon trident of freezing (weapon)
 b - the +4 longbow of Symmetry {velocity, Str+3}
   (Okawaru gifted it to you on level 13 of the Dungeon)

   Any arrow fired from it inflicts extra damage.
   It affects your strength (+3).
 d - the +0 bardiche "Daemm" {drain, rC+ Str+3}
   (Okawaru gifted it to you on level 2 of the Lair of Beasts)

   A truly terrible weapon, it drains the life of those it strikes.
   It affects your strength (+3).
   It protects you from cold.
 V - a +1 battleaxe of flaming
Missiles
 k - 84 tomahawks (quivered)
 p - 17 javelins of penetration
 q - 2 throwing nets
 y - 465 arrows
 T - 75 bolts
Armour
 c - a +1 shield (worn)
 g - a +1 pair of gloves
 o - +0 storm dragon scales (worn)
 r - the +0 pair of gloves "Har Emud" (worn) {Str+4}
   (You acquired it on level 13 of the Dungeon)

   It affects your strength (+4).
 R - a scarf of resistance (worn)
 S - a +2 plate armour of fire resistance
 Z - the +0 pair of boots "Zetar" (worn) {Str+3}
   (Okawaru gifted it to you on level 6 of the Lair of Beasts)

   It affects your strength (+3).
Jewellery
 u - a +2 ring of protection (left hand)
 x - a +4 amulet of reflection (around neck)
 z - an uncursed amulet of harm
 A - a +4 ring of protection (right hand)
 L - an uncursed ring of positive energy
 N - an uncursed ring of protection from cold
Wands
 i - a wand of flame (64)
 v - a wand of digging (23)
 w - a wand of polymorph (13)
 B - a wand of clouds (7)
 J - a wand of paralysis (17)
 O - a wand of random effects (84)
 Q - a wand of acid (17)
 U - a wand of disintegration (23)
Scrolls
 j - a scroll of immolation
 l - 5 scrolls of remove curse
 s - 6 scrolls of amnesia
 C - a scroll of identify
 H - 2 scrolls of holy word
 M - 3 scrolls of fog
 X - 6 scrolls of enchant weapon
Potions
 e - 2 potions of cancellation
 h - 5 potions of curing
 m - 3 potions of brilliance
 n - 2 potions of invisibility
 t - 2 potions of ambrosia
 D - 2 potions of agility
 F - a potion of flight
 G - 3 potions of might
 K - 5 potions of mutation
 W - a potion of resistance
Miscellaneous
 P - a phantom mirror
Comestibles
 f - 38 rations
 E - 5 chunks of flesh


   Skills:
 + Level 15.7(20.7) Fighting
 - Level 16.3(21.3) Polearms
 - Level 8.0(13.0) Bows
 - Level 13.0(18.0) Armour
 - Level 15.0(20.0) Shields
 - Level 7.4 Invocations
 - Level 5.1 Evocations


You had 16 spell levels left.
You didn't know any spells.

Dungeon Overview and Level Annotations

Branches:
Dungeon (15/15)            Temple (0/1) D:6            Lair (6/6) D:11
 Shoals (3/4) Lair:3       Spider (0/4) Lair:3        Slime (0/5) Lair:5
    Orc (2/2) D:11            Elf (0/3) Orc:2        Vaults (0/5) D:13
 Depths (0/5) D:15

Altars:
Cheibriados
Dithmenos
Fedhas
Gozag
Makhleb
Okawaru
Ru
Xom
Zin
The Shining One
Beogh

Shops:
D:9 [   D:12 (   D:15 }   Orc:2 [((([   Shoals:1 }[

Annotations:
Shoals:2 exclusion: Roxanne, Roxanne


Innate Abilities, Weirdness & Mutations

You cannot be hasted, slowed, berserked, paralysed or teleported.
You can dig through walls and to a lower floor.
Your four strong arms can wield two-handed weapons with a shield.
You have a pair of large antennae on your head. (SInv)
Your flesh is very heat resistant. (rF++)


Message History

* * * LOW HITPOINT WARNING * * *
Okay, then.
Okay, then.
Unknown command.
You feel better. You block the harpy's attack. The harpy closely misses you.
You block the satyr's attack.
You gain the combat prowess of a mighty hero.
The harpy screeches!
The harpy claws you but does no damage. You block the harpy's attack.
The alligator snapping turtle bites you but does no damage.
The satyr hits you from afar with an uncursed spear.
* * * LOW HITPOINT WARNING * * *
Okay, then.
Okay, then.
Okay, then.
You can now deal lightning-fast blows.
The harpy screeches!
The satyr hits you but does no damage.
The alligator snapping turtle bites you from afar!!
You die...

##...≈≈≈≈≈≈≈≈≈≈≈≈....≈≈≈
#.....≈≈≈≈≈≈≈≈≈≈≈....≈≈≈
#......≈≈≈≈≈≈≈≈≈≈≈...≈≈≈
##.......≈≈≈≈≈≈≈≈≈≈≈≈≈≈≈≈
.P≈........≈≈≈≈.≈≈≈≈≈≈≈≈≈
≈≈≈.P....%.......≈..≈≈≈≈≈
≈P......ct.......≈≈≈≈≈≈≈≈
PPP≈....†.†........)≈≈≈≈≈≈
P≈≈PP≈...PP@H.............>.
≈≈≈≈≈≈P≈PP≈....#####........##)..
≈≈≈≈≈≈≈≈≈≈....##...##.P......##..
≈≈≈≈≈≈≈P≈....#.PP...P#......≈≈≈≈≈
≈≈≈≈≈≈≈≈.....#....P)........≈≈≈≈≈
≈≈≈≈≈≈≈≈≈...P....<)P.#.......≈≈≈≈
≈≈≈≈≈≈≈≈....P#.......#[.......≈≈≈
≈≈≈≈≈≈......).......##P..≈≈..≈≈≈≈
≈≈≈≈≈.......P)##P..##....≈≈≈≈≈≈≈≈


You could see an alligator snapping turtle, a satyr and a harpy.

Vanquished Creatures
  Saint Roka (Orc:2)
  2 orc warlords
  The ghost of Zorot the Grappler, a journeyman TrMo of Cheibriados (Lair:6)
  Snorg (Lair:3)
  An ettin (D:13)
  A merfolk javelineer (Shoals:3)
  2 merfolk impalers
  A rakshasa (D:15)
  7 hydras
  2 ogre magi (D:13)
  2 merfolk aquamancers
  A catoblepas (Lair:5)
  An alligator snapping turtle (Shoals:3)
  5 two-headed ogres
  A dancing weapon (Volcano)
  5 death yaks
  Urug (D:14)
  4 satyrs
  An orc high priest (Orc:2)
  3 sea snakes
  4 skeletal warriors (D:14)
  5 wizards (Volcano)
  5 unseen horrors
  4 orc knights
  8 harpies
  A wolf spider (Lair:6)
  6 oklob plants
  A deep elf mage (D:15)
  10 manticores
  A cyclops (D:11)
  6 ugly things
  4 orc sorcerers
  11 fauns
  9 merfolk sirens
  A manticore (shapeshifter) (D:15)
  4 elephants (Lair:6)
  8 black mambas (Lair:6)
  5 toenail golems (Volcano)
  3 water nymphs
  A guardian serpent (Lair:6)
  A torpor snail (Lair:3)
  3 gargoyles
  15 spiny frogs
  A rime drake (Lair:4)
  A freezing wraith (D:15)
  2 komodo dragons
  An efreet (D:15)
  2 tengu conjurers (D:14)
  The ghost of xight the Magician, a novice DEFE (D:5)
  2 jumping spiders (Lair:3)
  4 hornets
  16 merfolk
  A queen bee (D:12)
  3 meliai (D:12)
  5 trolls
  3 wind drakes (Shoals:3)
  12 polar bears
  A raiju (Lair:6)
  A dream sheep (Lair:6)
  34 slime creatures
  11 hippogriffs
  2 snapping turtles (Shoals:1)
  A spriggan (shapeshifter) (D:15)
  3 shadows
  4 redbacks
  33 yaks
  7 wyverns
  3 basilisks
  9 water elementals
  A human (D:11)
  Menkaure (D:6)
  2 vampire mosquitoes (D:12)
  11 wargs
  Edmund (D:4)
  An acid dragon (D:15)
  15 water moccasins
  Duvessa (D:7)
  A floating eye (shapeshifter) (D:15)
  6 porcupines
  16 hell hounds (Lair:6)
  8 sky beasts
  2 necrophages
  46 orc warriors
  15 black bears
  An eye of draining (D:10)
  10 ogres
  6 ice beasts
  6 phantoms
  4 boggarts (D:15)
  35 wolves
  3 centaurs
  14 crocodiles
  3 big kobolds
  23 bullfrogs
  10 scorpions
  Dowan (D:7)
  38 killer bees
  4 crimson imps
  2 centaur zombies
  2 bullfrog zombies
  3 jellies
  23 orc priests
  Crazy Yiuf (D:4)
  3 hounds
  3 centaur skeletons
  24 orc wizards
  4 iguanas
  Natasha (thrice) (D:4)
  16 worker ants
  A hound skeleton (D:10)
  A mummy (D:9)
  5 worker ant zombies
  A howler monkey zombie (D:11)
  12 gnolls
  14 adders
  3 shadow imps
  2 oozes
  3 adder zombies
  A worm (D:3)
  A dart slug (D:3)
  6 leopard geckos
  92 orcs
  2 bats (D:1)
  2 giant cockroaches
  15 goblins
  11 hobgoblins
  8 jackals
  2 quokkas
  A ball python (D:4)
  7 frilled lizards
  16 kobolds
  2 leopard gecko skeletons
  A quokka skeleton (D:7)
  A quokka zombie (D:5)
  8 rats
  A bush (Lair:3)
  6 plants
916 creatures vanquished.

Vanquished Creatures (others)
  A centaur warrior (D:14)
  5 fauns
  Maurice (Orc:1)
  A water elemental (Shoals:2)
  A centaur (D:15)
  6 fungi
  27 plants
42 creatures vanquished.

Grand Total: 958 creatures vanquished

Notes
Turn   | Place    | Note
-------+----------+-------------------------------------------
     0 | D:1      | jernau the Formicid Fighter began the quest for the Orb.
     0 | D:1      | Reached XP level 1. HP: 18/18 MP: 1/1
   263 | D:1      | Reached XP level 2. HP: 22/24 MP: 2/2
  1139 | D:2      | Reached XP level 3. HP: 18/30 MP: 3/3
  1631 | D:2      | Reached skill level 5 in Shields
  1631 | D:2      | Reached XP level 4. HP: 28/37 MP: 4/4
  2380 | D:3      | Reached XP level 5. HP: 42/42 MP: 5/5
  2654 | D:3      | Found a shimmering altar of Xom.
  2656 | D:3      | Found a shimmering altar of Xom.
  2938 | D:4      | Noticed Natasha
  2945 | D:4      | Killed Natasha
  2993 | D:4      | Gained mutation: You are clumsy. (Dex -2) [potion of mutation]
  2993 | D:4      | Gained mutation: You have large cloven feet. [potion of mutation]
  3102 | D:4      | Noticed Natasha
  3114 | D:4      | Killed Natasha
  3114 | D:4      | Reached XP level 6. HP: 34/48 MP: 6/6
  3132 | D:4      | Noticed Natasha
  3135 | D:4      | Noticed an orc warrior
  3135 | D:4      | Killed Natasha
  3149 | D:4      | Killed an orc warrior
  3357 | D:4      | Reached XP level 7. HP: 46/55 MP: 7/7
  3651 | D:4      | Reached skill level 5 in Fighting
  3749 | D:4      | Found a runed door.
  3753 | D:4      | Noticed Crazy Yiuf
  3753 | D:4      | Noticed Edmund
  3785 | D:4      | Killed Edmund
  3787 | D:4      | Killed Crazy Yiuf
  4241 | D:5      | Entered Level 5 of the Dungeon
  4264 | D:5      | Noticed xight's ghost (novice DEFE)
  4303 | D:5      | Killed xight's ghost
  4303 | D:5      | Reached XP level 8. HP: 66/68 MP: 8/8
  4342 | D:5      | Found an iron altar of Okawaru.
  4373 | D:5      | Became a worshipper of Warmaster Okawaru
  4489 | D:5      | Lost mutation: You are clumsy. (Dex -2) [potion of mutation]
  4489 | D:5      | Lost mutation: You have large cloven feet. [potion of mutation]
  4489 | D:5      | Gained mutation: Your flesh is heat resistant. (rF+) [potion of mutation]
  4489 | D:5      | Gained mutation: Your flesh is very heat resistant. (rF++) [potion of mutation]
  4598 | D:5      | Reached skill level 3 in Polearms
  4849 | D:5      | Reached skill level 4 in Polearms
  4851 | D:5      | Found a burning altar of Makhleb.
  4853 | D:5      | Noticed a blizzard demon
  4854 | D:5      | Found a glowing silver altar of Zin.
  4855 | D:5      | Noticed an angel
  4934 | D:5      | Reached * piety under Okawaru
  4934 | D:5      | Reached skill level 5 in Polearms
  4934 | D:5      | Reached XP level 9. HP: 64/74 MP: 9/9
  4995 | D:5      | Found a shadowy altar of Dithmenos.
  5025 | D:5      | Got a steaming hand axe
  5030 | D:5      | Identified the +11 hand axe "Piofineth" {pain, Dex+4} (You found it on level 5 of the Dungeon)
  5114 | D:5      | You fall through a shaft!
  5169 | D:6      | Reached skill level 6 in Polearms
  5238 | D:6      | Reached skill level 7 in Polearms
  5246 | D:6      | Found a staircase to the Ecumenical Temple.
  5387 | D:6      | Noticed Menkaure
  5411 | D:6      | Killed Menkaure
  5411 | D:6      | Reached skill level 8 in Polearms
  5634 | D:6      | Reached ** piety under Okawaru
  5722 | D:6      | Reached skill level 5 in Armour
  6071 | D:6      | Found a sacrificial altar of Ru.
  6574 | D:7      | Reached XP level 10. HP: 80/80 MP: 10/10
  6638 | D:7      | Noticed Duvessa
  6638 | D:7      | Noticed Dowan
  6666 | D:7      | Killed Dowan
  6679 | D:7      | Killed Duvessa
  6912 | D:7      | Found a flagged portal.
  6926 | Bailey   | Entered a bailey
  7236 | Bailey   | Noticed an orc knight
  8721 | D:8      | Reached *** piety under Okawaru
  8721 | D:8      | Reached skill level 1 in Bows
  8916 | D:9      | Found Baecregu's Antique Armour Shoppe.
  9085 | D:9      | Found an opulent altar of Gozag.
  9089 | D:9      | Found a blossoming altar of Fedhas.
  9808 | D:9      | Found a snail-covered altar of Cheibriados.
  9888 | D:10     | Entered Level 10 of the Dungeon
  9981 | D:10     | Reached XP level 11. HP: 79/86 MP: 11/11
 10011 | D:10     | Reached skill level 5 in Bows
 10032 | D:10     | Reached **** piety under Okawaru
 10485 | D:10     | Got a pitted long sword
 10488 | D:10     | Identified the +7 long sword of the Pure Orbs {protect, +Rage Str-5 Dex+6} (You found it on level 10 of the Dungeon)
 10822 | D:11     | Reached skill level 10 in Armour
 10830 | D:11     | Upgraded the game from 0.21.0-30-g47ce8e4 to 0.21.0-34-g9234887
 11438 | D:11     | Found a staircase to the Lair.
 11749 | D:11     | Noticed a cyclops
 11763 | D:11     | Killed a cyclops
 11763 | D:11     | Reached ***** piety under Okawaru
 11844 | D:11     | Noticed a brown ugly thing
 11868 | D:11     | Killed a brown ugly thing
 11955 | D:11     | Noticed an unseen horror
 11965 | D:11     | Killed an unseen horror
 12079 | D:11     | Noticed a green ugly thing
 12103 | D:11     | Killed a green ugly thing
 12479 | D:11     | Found a staircase to the Orcish Mines.
 12789 | Lair:1   | Entered Level 1 of the Lair of Beasts
 12869 | Lair:1   | Noticed a seven-headed hydra
 12892 | Lair:1   | Killed an eight-headed hydra
 12892 | Lair:1   | Received a gift from Okawaru
 12892 | Lair:1   | Reached XP level 12. HP: 35/93 MP: 4/14
 13158 | Lair:1   | Received a gift from Okawaru
 13311 | Lair:1   | Reached skill level 5 in Invocations
 14075 | Lair:2   | Reached skill level 9 in Polearms
 14099 | Lair:2   | Noticed a five-headed hydra
 14111 | Lair:2   | Killed a five-headed hydra
 14155 | Lair:2   | Reached skill level 10 in Polearms
 14335 | Lair:2   | Reached skill level 1 in Evocations
 14737 | Lair:2   | Reached skill level 5 in Evocations
 15361 | Lair:2   | Noticed a six-headed hydra
 15382 | Lair:2   | Killed a six-headed hydra
 15382 | Lair:2   | Received a gift from Okawaru
 15383 | Lair:2   | Got a faintly glowing bardiche {god gift}
 15420 | Lair:2   | Identified the +0 bardiche "Daemm" {drain, rC+ Str+3} (Okawaru gifted it to you on level 2 of the Lair of Beasts)
 15580 | Lair:2   | Reached XP level 13. HP: 90/103 MP: 16/16
 15780 | Lair:3   | Reached skill level 10 in Fighting
 15810 | Lair:3   | Found a hole to the Spider Nest.
 15912 | Lair:3   | Noticed a four-headed hydra
 15922 | Lair:3   | Killed a four-headed hydra
 16009 | Lair:3   | Noticed Snorg
 16023 | Lair:3   | Killed Snorg
 16251 | Lair:3   | Found the +5 robe of Night {Dark MR+ SInv}
 16252 | Lair:3   | Noticed a six-headed hydra
 16263 | Lair:3   | Killed a six-headed hydra
 16358 | Lair:3   | Found a staircase to the Shoals.
 17148 | Lair:4   | Found a dark tunnel.
 17164 | Volcano  | Entered a volcano
 17436 | Volcano  | Reached skill level 11 in Polearms
 18189 | Lair:4   | Reached XP level 14. HP: 46/118 MP: 15/17
 18415 | Lair:5   | Received a gift from Okawaru
 18415 | Lair:5   | Reached skill level 12 in Polearms
 18643 | Lair:5   | Found a staircase to the Slime Pits.
 19899 | Lair:6   | Entered Level 6 of the Lair of Beasts
 19928 | Lair:6   | Reached skill level 13 in Polearms
 20280 | Lair:6   | Noticed Zorot's ghost (journeyman TrMo)
 20300 | Lair:6   | Killed Zorot's ghost
 20342 | Lair:6   | Received a gift from Okawaru
 20479 | Lair:6   | Received a gift from Okawaru
 20484 | Lair:6   | Reached skill level 14 in Polearms
 20888 | Lair:6   | Received a gift from Okawaru
 21409 | Lair:6   | Received a gift from Okawaru
 21422 | Lair:6   | Got a pair of faintly humming boots {god gift}
 21428 | Lair:6   | Identified the +0 pair of boots "Zetar" {Str+3} (Okawaru gifted it to you on level 6 of the Lair of Beasts)
 22012 | Lair:6   | Reached XP level 15. HP: 119/127 MP: 10/18
 22212 | Lair:6   | Reached skill level 15 in Fighting
 23169 | D:9      | Bought fine steam dragon scales for 1440 gold pieces
 23169 | D:9      | Identified the cursed +1 steam dragon scales of Omission {rF+ Regen+} (You bought it in a shop on level 9 of the Dungeon)
 23521 | D:12     | Found Leomys's Weapon Shoppe.
 23579 | D:12     | Reached skill level 10 in Shields
 24356 | D:12     | Received a gift from Okawaru
 24577 | Orc:1    | Entered Level 1 of the Orcish Mines
 24582 | Orc:1    | Noticed an orc warlord
 24591 | Orc:2    | Entered Level 2 of the Orcish Mines
 24646 | Orc:2    | Found a roughly hewn altar of Beogh.
 24699 | Orc:2    | Found a staircase to the Elven Halls.
 24844 | Orc:2    | Found Yrchuhi's Armour Boutique.
 24998 | Orc:2    | Upgraded the game from 0.21.0-34-g9234887 to 0.21.0-37-g46506fa
 25071 | Orc:2    | Found a roughly hewn altar of Beogh.
 25140 | Orc:2    | Found Iffesued's Antique Weapon Emporium.
 25187 | Orc:2    | Found a roughly hewn altar of Beogh.
 25732 | Orc:2    | Received a gift from Okawaru
 25766 | Orc:2    | Noticed Saint Roka
 25820 | Orc:2    | Killed Saint Roka
 25820 | Orc:2    | Received a gift from Okawaru
 26324 | Orc:2    | Found Uvvogh's Antique Armour Shoppe.
 26325 | Orc:2    | Found a roughly hewn altar of Beogh.
 26328 | Orc:2    | Found Poocwuf's Antique Weapon Emporium.
 26412 | Orc:2    | Noticed an orc warlord
 26436 | Orc:2    | Killed an orc warlord
 26436 | Orc:2    | Reached skill level 15 in Polearms
 26491 | Orc:2    | Found a roughly hewn altar of Beogh.
 26576 | Orc:2    | Found a roughly hewn altar of Beogh.
 26619 | Orc:2    | Found Ryfacixt's Antique Weapon Shop.
 26841 | Orc:1    | Reached XP level 16. HP: 106/136 MP: 14/19
 26957 | Orc:1    | Noticed Maurice
 26968 | Orc:1    | Killed Maurice
 27108 | Orc:1    | Found a shimmering altar of Xom.
 27330 | Orc:1    | Upgraded the game from 0.21.0-37-g46506fa to 0.21.1
 27412 | D:13     | Found a runed door.
 27505 | D:13     | Received a gift from Okawaru
 27536 | D:13     | Got a transparent longbow {god gift}
 27537 | D:13     | Identified the +4 longbow of Symmetry {velocity, Str+3} (Okawaru gifted it to you on level 13 of the Dungeon)
 27555 | D:13     | Identified a scroll of acquirement
 27556 | D:13     | Got a pair of polished gloves
 27557 | D:13     | Identified the +0 pair of gloves "Har Emud" {Str+4} (You acquired it on level 13 of the Dungeon)
 27576 | D:13     | Found a gate to the Vaults.
 27733 | D:13     | Reached skill level 16 in Polearms
 28582 | D:13     | Identified Vapnur's Volume of the Rocks
 28656 | D:14     | Noticed Urug
 28675 | D:14     | Killed Urug
 29675 | D:14     | Received a gift from Okawaru
 29852 | D:15     | Entered Level 15 of the Dungeon
 29923 | D:15     | Received a gift from Okawaru
 30040 | D:15     | Found a staircase to the Depths.
 30064 | D:15     | Found a glowing golden altar of the Shining One.
 30093 | D:15     | Found Luudwoq's Gadget Boutique.
 30881 | Shoals:1 | Entered Level 1 of the Shoals
 30915 | Shoals:1 | Received a gift from Okawaru
 30915 | Shoals:1 | Reached XP level 17. HP: 46/142 MP: 15/22
 31278 | Shoals:1 | Found Lifac's Antique Armour Shop.
 31990 | Shoals:1 | Found Donk's Gadget Emporium.
 32955 | Shoals:2 | Received a gift from Okawaru
 33164 | Shoals:2 | Noticed Roxanne
 33704 | Shoals:3 | Reached skill level 15 in Shields
 33706 | Shoals:3 | Received a gift from Okawaru
 34484 | Shoals:3 | Slain by an alligator snapping turtle

Skill      XL: |  1  2  3  4  5  6  7  8  9 10 11 12 13 14 15 16 17 |
---------------+----------------------------------------------------+-----
Shields        | 4 5 6 7 8 12 15 | 15.0
Fighting       | 4 7 8 9 13 14 15 | 15.7
Polearms       | 5 8 10 11 14 15 16 | 16.3
Armour         | 6 9 13 | 13.0
Bows           | 4 5 8 |  8.0
Invocations    | 3 5 7 |  7.4
Evocations     | 5 |  5.1

Action                   |  1- 3 |  4- 6 |  7- 9 | 10-12 | 13-15 | 16-18 || total
-------------------------+-------+-------+-------+-------+-------+-------++-------
Melee: Trident           |   121 |   143 |   419 |   561 |     8 |       ||  1252
       Kick              |       |    16 |    25 |       |       |       ||    41
       Glaive            |       |       |       |   524 |       |       ||   524
       Halberd           |       |       |       |     7 |       |       ||     7
       Bardiche          |       |       |       |     5 |  1254 |   513 ||  1772
       Battleaxe         |       |       |       |       |    10 |       ||    10
       Demon trident     |       |       |       |       |       |   261 ||   261
 Fire: Shortbow          |       |       |       |   127 |   214 |    10 ||   351
       Longbow           |       |       |       |       |       |   156 ||   156
Throw: Stone             |    20 |    61 |    50 |     3 |     4 |       ||   138
       Tomahawk          |       |       |       |       |       |     3 ||     3
Invok: Heroism           |       |       |     3 |    13 |    25 |    13 ||    54
       Finesse           |       |       |       |     5 |    19 |     7 ||    31
 Abil: Dig               |       |       |       |       |    10 |     3 ||    13
Evoke: Wand              |       |       |       |     6 |       |     3 ||     9
  Use: Scroll            |     6 |     1 |     8 |    12 |     8 |    12 ||    47
       Potion            |       |     7 |     5 |     8 |     4 |     8 ||    32
 Stab: Petrified         |       |       |       |       |     2 |       ||     2
       Invisible         |       |       |       |       |       |     3 ||     3
  Eat: Chunk             |     2 |     3 |     6 |    15 |    18 |     7 ||    51
       Ration            |       |     1 |     2 |     4 |     6 |     6 ||    19
Armor: Scale mail        |    34 |    25 |     1 |       |       |       ||    60
       Chain mail        |       |       |   112 |    86 |       |       ||   198
       Skin              |       |       |     5 |       |       |       ||     5
       Plate armour      |       |       |       |   439 |   674 |    94 ||  1207
       Storm dragon scal |       |       |       |       |       |   171 ||   171
Dodge: Dodged            |    35 |    31 |    68 |   259 |   375 |   180 ||   948
Block: Shield            |    55 |    64 |   181 |   686 |   991 |   577 ||  2554
       Reflection        |       |       |       |       |       |    63 ||    63
